[Event "*** Titled Tuesday 3|2 Blitz"]
[Site "Chess.com"]
[Date "2016.06.07"]
[Round "7"]
[White "JusticeBot"]
[Black "OldweakGM"]
[Result "0-1"]
[WhiteElo "2532"]
[BlackElo "2616"]
[TimeControl "180+2"]
[EndTime "18:26:07 PDT"]
[Termination "OldweakGM won by resignation"]

1. e4 d5 2. exd5 Qxd5 3. Nc3 Qd8 4. d4 c6 5. Bc4 Nf6 6. Nge2 Bf5 7. f3 h6 8. Bf4 e6 9. Qd2 Nbd7 10. g4 Bh7 11. h4 Nb6 12. Bb3 a5 13. a3 Nfd5 14. Bg3 Nxc3 15. Nxc3 a4 16. Ba2 Nd5 17. Ne4 Be7 18.
O-O-O b5 19. g5 b4 20. gxh6 bxa3 21. hxg7 axb2+ 22. Kb1 Rg8 23. c4 Rxg7 24. cxd5 cxd5 25. Be5 dxe4 26. Kxb2 Bf6 27. Qh6 Rg2+ 28. Ka1 Bxe5 29. dxe5 Qc7 30. Qe3 Qxe5+ 31. Qd4 Qxd4+ 32. Rxd4 exf3 33.
Rf4 Rd8 34. Rxf3 Rdd2 35. Ra3 Bc2 36. Rc1 Rh2 37. Rc3 Ke7 38. Rc7+ Kf6 39. h5 Bf5 40.
Bc4 Rxh5 41. Ra7 Bc2 42. Rf1+ Rf5 43. Rxf5+ Bxf5 44. Rxa4 Rd4 45. Kb2 Bd3 46. Bb3 Rxa4 47. Bxa4 Ke5 48. Kc3 Be4 49. Kd2 f5 50. Bd7 f4 51.
Kc3 Bd5 52. Kd3 Kd6 53. Bc8 e5 54. Bf5 Ke7 55. Bg4 Kf6 56. Bc8 Kg5 57. Ke2 Kh4 58.
Kf2 e4 59. Bd7 e3+ 60. Ke2 Kg3 61. Bc8 Bc4+ 62. Ke1 f3 0-1

[Event "*** Titled Tuesday 3|2 Blitz"]
[Site "Chess.com"]
[Date "2016.06.07"]
[Round "7"]
[White "JustaTrickstar"]
[Black "Boryboy"]
[Result "0-1"]
[WhiteElo "2477"]
[BlackElo "2557"]
[TimeControl "180+2"]
[EndTime "18:26:10 PDT"]
[Termination "Boryboy won on time"]

1. d4 e6 2. c4 Nf6 3. Nf3 d5 4. Bg5 Nbd7 5. e3 c6 6. cxd5 exd5 7. Nc3 Qa5 8. Nd2 Bd6 9. Bd3 O-O 10. O-O Qc7 11. Nf3 Ng4 12. g3 Re8 13. Rc1 Qb8 14. Bf4 Bxf4 15. exf4 Ndf6 16. Ne5 Nh6 17. Qc2 g6 18.
Rfe1 Bf5 19. Na4 Bxd3 20. Qxd3 Nf5 21. Nc5 Nd6 22. f3 Qc8 23. Kg2 Qc7 24. Re2 Re7 25.
Rce1 Rae8 26. g4 Qb6 27. h4 Qb5 28. Qc3 Kg7 29. Kg3 h5 30. a4 Qb6 31. b3 hxg4 32.
fxg4 Nde4+ 33. Nxe4 Nxe4+ 34. Rxe4 dxe4 35. g5 a5 36. Rxe4 Qb4 37. Qb2 Kh7 38. h5 gxh5 39. Re3 Kg8 40. f5 Qd6 41. Kh4 c5 42. f6 Re6 43.
g6 Rxf6 44. gxf7+ Rxf7 45. Nxf7 Qf4+ 46. Kxh5 Qf5+ 47. Ng5 Rxe3 48. Qg2 cxd4 49. Qh2 Re5 0-1

[Event "*** Titled Tuesday 3|2 Blitz"]
[Site "Chess.com"]
[Date "2016.06.07"]
[Round "7"]
[White "WanderingPuppet"]
[Black "twitchTriniCupid"]
[Result "1-0"]
[WhiteElo "2283"]
[BlackElo "2123"]
[TimeControl "180+2"]
[EndTime "18:26:14 PDT"]
[Termination "WanderingPuppet won by resignation"]

1. e4 c6 2. Nc3 d6 3. Nf3 e5 4. d4 Bg4 5. dxe5 Bxf3 6. Qxf3 dxe5 7. Bc4 Qc7 8. O-O Nf6 9. Bg5 Be7 10. Rad1 Nbd7 11.
Qf5 O-O 12. Rxd7 Qxd7 13. Qxd7 Nxd7 14. Bxe7 Rfe8 15. Bh4 b5 16. Rd1 Nc5 17. Bd3 f6 18. f3 a5 19. Bf2 Ne6 20. a4 b4 21.
Ne2 Kf7 22. Bc4 Red8 23. Rd3 Ke7 24. Kf1 g5 25. Bxe6 Kxe6 26. Rxd8 Rxd8 27. Ke1 Kd6 28. Nc1 f5 29. Nd3 fxe4 30. fxe4 Rc8 31. Bg3 c5 32. Nxe5 Ke6 33. Nc4 Ra8 34. Ke2 h5 35. h3 Ra7 36.
b3 g4 37. hxg4 hxg4 38. Bf2 Rc7 39. Ke3 Rf7 40. Ke2 g3 41. Bxg3 Rg7 42. Kf3 Rf7+ 43. Bf4 Rd7 44. Nxa5 Rd1 45. Nb7 c4 46. bxc4 Ra1 47.
a5 Ra3+ 48. Ke2 Rc3 49. Kd2 Rxc4 50. a6 Rc8 51. a7 Ra8 52. Bb8 Kd7 53. Kd3 Kc6 54.
Na5+ Kb5 55. Nb3 Kc6 56. g4 1-0

[Event "*** Titled Tuesday 3|2 Blitz"]
[Site "Chess.com"]
[Date "2016.06.07"]
[Round "7"]
[White "attack2mateU"]
[Black "AlexanderL"]
[Result "0-1"]
[WhiteElo "2431"]
[BlackElo "2578"]
[TimeControl "180+2"]
[EndTime "18:26:15 PDT"]
[Termination "AlexanderL won by resignation"]

1. e4 e6 2. Nf3 d5 3. Nc3 Nf6 4. e5 Nfd7 5. g3 c5 6. d3 Nc6 7.
Qe2 Qc7 8. Bf4 Nd4 9. Nxd4 cxd4 10. Nb1 Qb6 11. b3 Bb4+ 12. Nd2 Bc3 13. Rd1 Qc5 14. Bg2 Qa3 15. O-O Qxa2 16. Nf3 h6 17. h4 Qa5 18. h5 Qb4 19. Nd2 Qc5 20. Qg4 Rh7 21. Nf3 a5 22. Nh4 b5 23. Qe2 a4 24. bxa4 bxa4 25.
Bd2 a3 26. Bxc3 Qxc3 27. Ra1 a2 28. Nf3 Nc5 29. Rfc1 Bd7 30. Qd2 Qxd2 31. Nxd2 Ke7 32.
Nb3 Nxb3 33. cxb3 Rhh8 34. Rc2 Rhb8 35. Rcxa2 Rxa2 36. Rxa2 Rxb3 37. Bf1 f6 38. f4 fxe5 39.
fxe5 Rb8 40. Ra7 Rf8 41. Be2 Rf5 42. Bd1 Kd8 43. Ra8+ Bc8 44. Ra7 Rxe5 45. Kf2 Rg5 46. Bf3 Bd7 47. Rb7 Ke7 48. Ra7 Kd6 49. Ra6+ Bc6 50.
Bd1 Kc5 51. Ra7 e5 52. g4 e4 53. Kg3 exd3 54. Kf4 Bb5 55. Rc7+ Kb4 56. Rc8 d2 57.
Rc2 Ba4 58. Rxd2 Kc3 0-1

[Event "*** Titled Tuesday 3|2 Blitz"]
[Site "Chess.com"]
[Date "2016.06.07"]
[Round "7"]
[White "UltimateCrusher2"]
[Black "Viaje"]
[Result "1-0"]
[WhiteElo "2103"]
[BlackElo "2124"]
[TimeControl "180+2"]
[EndTime "18:26:15 PDT"]
[Termination "UltimateCrusher2 won by resignation"]

1. b3 e5 2. Bb2 Nc6 3. e3 Nf6 4.
Nf3 e4 5. Nd4 Bc5 6. c4 O-O 7. g4 d5 8. g5 Ne8 9. cxd5 Qxd5 10.
Nc3 Qxg5 11. Nxe4 Qd5 12. Bg2 Bxd4 13. Bxd4 Qf5 14. Bc3 Be6 15. Qe2 a5 16. Rg1 a4 17.
b4 Kh8 18. Ng3 Qg4 19. Bxc6 bxc6 20. Qxg4 Bxg4 21. Ne4 Bf5 22. Nc5 f6 23. a3 Nd6 24.
f4 Kg8 25. Ke2 Kf7 26. Rg3 Ne4 27. Nxe4 Bxe4 28. Rag1 g6 29. h4 h5 30. d3 Bf5 31.
Bd4 Rfd8 32. Rc1 Rd6 33. Rc5 Re8 34. Kd2 Ree6 35. Ra5 Bg4 36. Rxa4 Rd5 37. Rg1 g5 38. hxg5 fxg5 39. fxg5 Rxg5 40. Ra7 Re7 41. Rc1 Rg6 42.
Ra6 h4 43. Raxc6 Rxc6 44. Rxc6 Re6 45. Rxc7+ Kg6 46. Rc8 Ra6 47. Rc3 h3 48. Be5 Ra8 49. b5 Rf8 50. Rc1 Rf2+ 51. Kc3 Kf5 52. Bf4 Bf3 53.
a4 Bb7 54. a5 Ra2 55. a6 Bxa6 56. bxa6 Rxa6 57. Rg1 Ra3+ 58. Kd4 Ra4+ 59. Kc5 Ra3 60. Kc4 Ra4+ 61. Kb3 Ra6 62. Rg5+ Kf6 63. Rh5 Rb6+ 64.
Kc3 Rc6+ 65. Kd2 1-0

[Event "*** Titled Tuesday 3|2 Blitz"]
[Site "Chess.com"]
[Date "2016.06.07"]
[Round "7"]
[White "jcibarra"]
[Black "MinhGTrAn"]
[Result "1/2-1/2"]
[WhiteElo "2648"]
[BlackElo "2655"]
[TimeControl "180+2"]
[EndTime "18:27:15 PDT"]
[Termination "Game drawn by repetition"]

1. e4 c5 2. Nf3 d6 3. d4 cxd4 4.
Nxd4 Nf6 5. Nc3 a6 6. Be3 e5 7. Nf3 Qc7 8. a4 Be7 9. a5 O-O 10. Be2 h6 11. O-O Be6 12. Nd5 Nxd5 13. exd5 Bf5 14.
c4 Nd7 15. b4 Rac8 16. Qb3 Bg4 17. Rac1 f5 18. c5 Kh8 19. c6 Nf6 20. Bb6 Qb8 21.
c7 Qa8 22. Rfe1 Ne8 23. Nd4 Bxe2 24. Rxe2 Bg5 25. Ne6 Bxc1 26. Nxf8 Nxc7 27. Ng6+ Kh7 28. Ne7 Re8 29. Bxc7 Rxe7 30. Bxd6 Rd7 31. Bxe5 Qe8 32. Qc2 Rxd5 33. Qxf5+ Qg6 34. Qxg6+ Kxg6 35. Bc3 Rd3 36. Be1 Rb3 37. g3 Bg5 38. Kg2 Kf7 39. Re4 Be7 40.
h4 g6 41. Bd2 h5 42. Kf1 Rb2 43. Ke2 Rb3 44. Rf4+ Ke6 45. Re4+ Kf7 46. Rc4 Bd6 47. Kd1 Ke6 48. Kc2 Rf3 49. Be1 Kd5 50. Rc3 Ke4 51.
Rc4+ Kd5 52. Rc8 Rf8 53. Rxf8 Bxf8 54. Kd3 Bd6 55. f3 Be5 56. g4 Bf4 57. Bc3 Bd6 58.
Bd2 Be7 59. Be1 Bd6 60. Ke3 Bc7 61. Kd3 Bd6 62. Ke3 Bc7 63. Bf2 Bd6 64. Be1 1/2-1/2

[Event "*** Titled Tuesday 3|2 Blitz"]
[Site "Chess.com"]
[Date "2016.06.07"]
[Round "7"]
[White "IIIlllII1llIl"]
[Black "Fandorine"]
[Result "0-1"]
[WhiteElo "2488"]
[BlackElo "2618"]
[TimeControl "180+2"]
[EndTime "18:27:32 PDT"]
[Termination "Fandorine won by resignation"]

1. e4 c6 2. d4 d5 3. Nc3 dxe4 4. Nxe4 Bf5 5. Ng3 Bg6 6. Nf3 Nf6 7. Ne5 Nbd7 8. Nxg6 hxg6 9. c3 e6 10. Qb3 Qc7 11.
Bg5 Bd6 12. Bd3 O-O-O 13. Ne2 Qa5 14. Bd2 Qd5 15. Qxd5 cxd5 16. h3 a6 17. O-O-O Rde8 18. Bc2 Kc7 19. Be3 b5 20. a3 a5 21. Bd3 Rb8 22. Kc2 Kc6 23. Ra1 a4 24. Rae1 Nb6 25.
Bc1 Nc4 26. Nf4 g5 27. Ne2 g4 28. h4 Nh5 29. g3 Rbe8 30. Bd2 Nf6 31. Nc1 Nxd2 32.
Kxd2 Rh5 33. Kc2 Reh8 34. Rhg1 g5 35. hxg5 Rxg5 36. Rh1 Rgh5 37. Rxh5 Rxh5 38. Kd2 Rh2 39. Re2 Ne4+ 40. Bxe4 dxe4 41. Na2 f5 42. c4 bxc4 43. Nc3 e5 44. dxe5 Bxe5 45. Nxa4 Rh1 46. Nc3 Bd4 47. Nd1 Rh2 48. Ne3 Bxb2 49. Nxc4 Bd4 50. Ne3 Rh5 51.
Kc2 Kc5 52. Kd2 Kd6 53. Re1 Ke6 54. Rb1 Rh2 55. Ke2 f4 56. gxf4 g3 57. Ng4 Rh4 58.
Ne3 Rh2 59. f5+ Kf7 60. Rb7+ Kf8 61. Ng4 g2 62. Rb8+ Ke7 63. Rb7+ Kd8 64. Nxh2 g1=Q 65. f6 Qxf2+ 66. Kd1 Qxh2 67. f7 Qg1+ 68. Kc2 Qf2+ 69. Kd1 Bc5 70. Rb8+ Kc7 71. Rb5 Kc6 72. Ra5 e3 73.
Ra6+ Kb7 0-1

[Event "*** Titled Tuesday 3|2 Blitz"]
[Site "Chess.com"]
[Date "2016.06.07"]
[Round "7"]
[White "howitzer14"]
[Black "Danhy"]
[Result "1-0"]
[WhiteElo "2689"]
[BlackElo "2492"]
[TimeControl "180+2"]
[EndTime "18:28:22 PDT"]
[Termination "howitzer14 won by resignation"]

1. e4 c5 2. c3 d5 3. exd5 Qxd5 4. d4 Nf6 5. Nf3 Nc6 6. Be3 e6 7. a3 cxd4 8. cxd4 Be7 9. Nc3 Qd8 10. Bd3 O-O 11. Qc2 h6 12. Rd1 b6 13. d5 exd5 14. Nxd5 Nxd5 15. Qxc6 Be6 16. Be4 Rc8 17. Rxd5 Bxd5 18. Qxd5 Qxd5 19. Bxd5 Rc2 20. b4 Rc3 21. Ke2 Rxa3 22. b5 Rd8 23. Rd1 Ra5 24. Bc4 Rxd1 25. Kxd1 Ra4 26. Bd3 Ra2 27. Bc4 Ra4 28.
Bd3 Ra2 29. Ne5 Bd6 30. Nf3 Kf8 31. h4 Rb2 32. h5 Ra2 33. Nd2 Ra4 34. Kc2 Rh4 35.
Be2 Rh2 36. Bf3 Rh4 37. Ne4 Bc7 38. Kd3 f5 39. Nc3 Rb4 40. Nd5 Rxb5 41. Nxc7 Rb1 42.
Ne6+ Kf7 43. Nf4 a5 44. Bd4 a4 45. Bd5+ Ke7 46. Kc2 Rb4 47. Kc3 Rb1 48. Ba2 Ra1 49.
Kb2 Rd1 50. Kc3 b5 51. Bxg7 Ra1 52. Kb2 Rf1 53. Nd3 Rd1 54. Kc2 Rh1 55. Bxh6 Rxh5 56. Bd2 Rh2 57. g3 Rg2 58. Kc3 Rg1 59. Be1 Kd6 60. Kb4 Kc6 61. Ne5+ Kb6 62. Nf3 Rh1 63. Bc3 Rc1 64. Bd4+ Ka6 65. Be6 Rb1+ 66. Kc3 Ka5 67.
Kc2 Rf1 68. Nd2 Rh1 69. Bd7 Rh7 70. Bxf5 Rc7+ 71. Kd3 b4 72. Nc4+ Kb5 73. Nd6+ Ka5 74. Be5 a3 75. Nc4+ Rxc4 76. Kxc4 Ka4 77. Bc2+ 1-0

[Event "*** Titled Tuesday 3|2 Blitz"]
[Site "Chess.com"]
[Date "2016.06.07"]
[Round "7"]
[White "ShimanovAlex"]
[Black "dretch"]
[Result "0-1"]
[WhiteElo "2651"]
[BlackElo "2646"]
[TimeControl "180+2"]
[EndTime "18:28:43 PDT"]
[Termination "dretch won by resignation"]

1. d4 d5 2. Nf3 Nf6 3. Bf4 c5 4. e3 Nc6 5. Nbd2 Bg4 6. c3 e6 7. Qb3 Qb6 8. Qxb6 axb6 9. Bb5 Nd7 10. Ne5 Ndxe5 11. Bxe5 Kd8 12. Bg3 Be7 13. f3 Bh5 14. Kf2 Bg6 15. a4 Na7 16. Be2 Nc8 17. c4 cxd4 18. exd4 Bd6 19. cxd5 exd5 20. Nf1 Bxg3+ 21.
hxg3 Ne7 22. Ne3 Kd7 23. Nd1 f6 24. Nc3 Rhc8 25. Ra3 Kd8 26. Rb3 Rc6 27. Re1 Bf7 28.
Bb5 Rc7 29. Bd3 Rc6 30. Re2 h6 31. Re1 Rac8 32. Rb5 Ra8 33. g4 Rac8 34. a5 bxa5 35. Rxb7 R6c7 36. Rb5 Ra7 37. Bc2 Nc6 38. Rd1 Rb8 39.
Rxb8+ Nxb8 40. Ba4 Rb7 41. b3 Rc7 42. Rd3 Na6 43. Re3 Nb4 44. Nb5 Rc6 45. Kg3 Nc2 46.
Re2 Nb4 47. Re1 Nc2 48. Rc1 Nxd4 49. Rxc6 Nxc6 50. Nd6 Be6 51. Kf4 Ne5 52. Ne8 g5+ 53. Ke3 Ke7 54. Nc7 Kd6 55. Ne8+ Ke7 56. Kd4 Bd7 57. Bxd7 Nxd7 58. Nc7 Kd6 59. Nxd5 Kc6 60. Ne7+ Kb5 61. Kc3 Nb6 62. Ng8 Nd5+ 63. Kd4 Nf4 64.
g3 Ne2+ 65. Kd3 Nxg3 66. Nxf6 Kb4 67. Kc2 Ne2 68. Nd5+ Ka3 69. Ne3 Kb4 70. Nf5 Ng1 71.
Nd4 Kc5 72. Kd3 Kd5 73. Ke3 Kc5 74. Kd3 Nh3 75. Nf5 Nf4+ 76. Kc2 h5 77. Ng3 hxg4 78.
fxg4 Kd4 79. Nf5+ Ke4 80. Nd6+ Kf3 81. Nf7 Kxg4 82. b4 axb4 83. Kb3 Nd5 84. Kc4 Kf4 85.
Kxd5 b3 86. Ne5 g4 87. Kd4 g3 88. Nd3+ Kf3 89. Ne1+ Ke2 90. Ng2 Kd2 91. Ne3 b2 92. Nc4+ Kc1 93. Nxb2 g2 94. Nd3+ Kb1 0-1

[Event "*** Titled Tuesday 3|2 Blitz"]
[Site "Chess.com"]
[Date "2016.06.07"]
[Round "7"]
[White "aripov96"]
[Black "1random"]
[Result "1/2-1/2"]
[WhiteElo "2250"]
[BlackElo "2115"]
[TimeControl "180+2"]
[EndTime "18:31:24 PDT"]
[Termination "Game drawn by 50-move rule"]

1. e4 Nf6 2. e5 Nd5 3. d4 d6 4. Nf3 g6 5. Bc4 Nb6 6. Bb3 Bg7 7. Qe2 O-O 8. h4 Bg4 9. Qe4 Bxf3 10. gxf3 dxe5 11.
dxe5 e6 12. h5 Nc6 13. hxg6 hxg6 14. f4 Nd4 15. Be3 Nf5 16. Nd2 a5 17. a4 Nd5 18.
Bc5 Re8 19. Qf3 b6 20. Ba3 c5 21. c3 Qd7 22. Ne4 Rad8 23. Rd1 Qe7 24. Bc4 f6 25. exf6 Nxf6 26. Ng5 Rxd1+ 27. Kxd1 Qd6+ 28. Kc2 Nd5 29. Nh3 Rf8 30. Rg1 Nh4 31. Qe4 Nxf4 32. Nxf4 Qxf4 33.
Qxe6+ Kh7 34. Kb1 Qf5+ 35. Qxf5 Rxf5 36. Rh1 Bf6 37. b4 cxb4 38. cxb4 Rf4 39. Bd5 axb4 40. Bb2 Bxb2 41. Kxb2 Rxf2+ 42. Kb3 Rf4 43. Bc4 Kg7 44. Kxb4 g5 45. Kb5 Rf6 46. Bd5 Nf5 47. Rd1 g4 48.
Rg1 g3 49. Kb4 Kf8 50. Be4 Nd6 51. Bd3 Rf3 52. Be2 Re3 53. Rg2 Nf5 54. a5 bxa5+ 55.
Kxa5 Nh4 56. Rg1 Rxe2 57. Rxg3 Ke7 58. Rg4 Nf5 59. Kb4 Kd6 60. Rg5 Re4+ 61. Kc3 Ke5 62. Rg8 Re3+ 63. Kd2 Kf4 64. Rf8 Ra3 65. Ke2 Ke4 66.
Re8+ Kf4 67. Rf8 Ke5 68. Re8+ Kd5 69. Rd8+ Nd6 70. Rf8 Nc4 71. Rd8+ Ke4 72. Re8+ Ne5 73. Kd2 Rd3+ 74. Ke2 Rd5 75. Re7 Ra5 76. Re8 Ra2+ 77. Kd1 Kd4 78. Ke1 Nc4 79. Kf1 Ne5 80. Rf8 Ke3 81. Re8 Kf4 82. Rf8+ Kg3 83. Rg8+ Kf3 84. Rf8+ Ke4 85. Re8 Kf5 86. Rf8+ Ke6 87. Rf2 Ra3 88. Kg2 Kd5 89. Rd2+ Ke4 90. Re2+ Kf4 91. Rf2+ Kg4 92. Rb2 Nd3 93. Rb8 Ra2+ 94. Kf1 Kf3 95. Rf8+ Nf4 96. Ke1 Ke3 97. Re8+ Kf3 98. Rf8 Rb2 99. Rf7 Ke3 100. Re7+ Kd4 101. Kf1 Nd5 102. Re8 Kd3 103. Rd8 Ke4 104.
Ke1 Ne3 105. Re8+ Kf3 106. Rf8+ Ke4 107. Re8+ Kd4 108. Rd8+ Kc5 109. Rc8+ Kd6 110. Rd8+ Ke7 111. Ra8 Nd5 112. Kd1 Ke6 113. Kc1 Rh2 114. Re8+ Kd6 115. Rg8 Kc5 116. Rg4 Nb4 117. Kd1 Nc6 118. Ke1 Nd4 119. Kf1 Kc4 120. Rg2 Rh3 121. Kf2 Rd3 122. Rg3 Rd2+ 123. Ke1 Ra2 124. Rg8 1/2-1/2

[Event "*** Titled Tuesday 3|2 Blitz"]
[Site "Chess.com"]
[Date "2016.06.07"]
[Round "8"]
[White "chessking2151"]
[Black "Silent_Terror"]
[Result "0-1"]
[WhiteElo "2332"]
[BlackElo "2488"]
[TimeControl "180+2"]
[EndTime "18:35:55 PDT"]
[Termination "Silent_Terror won by resignation"]

1. e4 e6 2. d4 d5 3. Nd2 a6 4. Ngf3 Nf6 5. e5 Nfd7 6. c3 c5 7. Bd3 Nc6 8. O-O Be7 9. Re1 g5 10. h3 h5 11. dxc5 g4 12. Nd4 Ndxe5 13. Nxc6 Nxc6 14.
hxg4 hxg4 15. Nb3 e5 16. Be2 Rg8 17. Be3 Be6 18. Qc2 Qc7 19. Rad1 O-O-O 20. Rd2 f5 21. Bf1 Rh8 22. Bf4 exf4 23. Rxe6 f3 24. g3 Bxc5 25.
Qxf5 Qxg3+ 0-1

[Event "*** Titled Tuesday 3|2 Blitz"]
[Site "Chess.com"]
[Date "2016.06.07"]
[Round "8"]
[White "GianmarcoVaR"]
[Black "Yaacovn"]
[Result "0-1"]
[WhiteElo "2359"]
[BlackElo "2612"]
[TimeControl "180+2"]
[EndTime "18:36:11 PDT"]
[Termination "Yaacovn won by checkmate"]

1. d4 Nf6 2. c4 e5 3. dxe5 Ne4 4. Nf3 d6 5. Nbd2 Bf5 6. exd6 Bxd6 7. e3 Nc6 8. Nxe4 Bxe4 9. Be2 Qe7 10. Qa4 O-O-O 11. O-O g5 12. b4 g4 13. Nd2 Bxh2+ 14. Kxh2 Qh4+ 15. Kg1 Bxg2 16. Kxg2 Qh3+ 17. Kg1 Rhg8 18. Ne4 Ne5 19. f4 gxf3+ 20. Kf2 Rg2+ 21. Ke1 Rxe2# 0-1

[Event "*** Titled Tuesday 3|2 Blitz"]
[Site "Chess.com"]
[Date "2016.06.07"]
[Round "8"]
[White "evgenyermolaev"]
[Black "tactics321"]
[Result "1-0"]
[WhiteElo "2278"]
[BlackElo "2215"]
[TimeControl "180+2"]
[EndTime "18:37:52 PDT"]
[Termination "evgenyermolaev won by resignation"]

1. e4 e5 2. Nf3 Nc6 3. Bb5 Nf6 4. d3 Bc5 5. O-O d6 6. Be3 Bb6 7. c3 O-O 8. Nbd2 Ne7 9. Ba4 c6 10. Bc2 Ng6 11. d4 Ng4 12. Nc4 Nxe3 13. Nxe3 Bc7 14. Qd2 Qf6 15. Nf5 Ne7 16. Nxe7+ Qxe7 17. d5 Bg4 18.
Ne1 Bb6 19. h3 Bh5 20. a4 a5 21. Nd3 cxd5 22. exd5 f5 23. b3 f4 24. Nb2 f3 25.
g3 Rf6 26. Nc4 Qd7 27. Kh2 Bc5 28. Qg5 Rh6 29. Bf5 Qf7 30. Be6 1-0

[Event "*** Titled Tuesday 3|2 Blitz"]
[Site "Chess.com"]
[Date "2016.06.07"]
[Round "8"]
[White "platy3"]
[Black "howitzer14"]
[Result "1-0"]
[WhiteElo "2691"]
[BlackElo "2681"]
[TimeControl "180+2"]
[EndTime "18:38:01 PDT"]
[Termination "platy3 won by resignation"]

1. e4 e5 2. Nf3 Nc6 3. Bb5 a6 4. Ba4 Nf6 5. Qe2 Bd6 6. O-O O-O 7. c3 Re8 8. h3 Ne7 9. d3 Ng6 10. Be3 c5 11. Nbd2 b5 12. Bc2 Bb7 13. a4 Bf8 14.
d4 exd4 15. cxd4 cxd4 16. Nxd4 bxa4 17. Rfd1 a3 18. bxa3 d5 19. Ba4 Nd7 20. Rab1 Rb8 21. exd5 Bc5 22. Nc4 Qc7 23. d6 Qd8 24. Nf5 Re6 25.
Bxd7 Qxd7 26. Qb2 Rf6 27. Nh6+ 1-0

[Event "*** Titled Tuesday 3|2 Blitz"]
[Site "Chess.com"]
[Date "2016.06.07"]
[Round "8"]
[White "twitchTriniCupid"]
[Black "aripov96"]
[Result "0-1"]
[WhiteElo "2118"]
[BlackElo "2261"]
[TimeControl "180+2"]
[EndTime "18:38:04 PDT"]
[Termination "aripov96 won by resignation"]

1. d4 c5 2. d5 Nf6 3. c4 g6 4. Nd2 Bg7 5. e4 d6 6. Ngf3 O-O 7. a3 b5 8. cxb5 a6 9. Qc2 Nbd7 10. Bd3 axb5 11. Bxb5 Qa5 12. Bc6 Ba6 13. Qa4 Qxa4 14. Bxa4 Ra7 15. Bc2 Rb8 16. Rb1 Ng4 17. Nf1 Nde5 18.
Nxe5 Nxe5 19. Be3 Nd3+ 20. Kd2 Nxb2 21. Kc1 Rab7 22. Nd2 Nd3+ 23. Bxd3 Bxd3 24. Rxb7 Rxb7 25. a4 c4 0-1

[Event "*** Titled Tuesday 3|2 Blitz"]
[Site "Chess.com"]
[Date "2016.06.07"]
[Round "8"]
[White "Aguiar94"]
[Black "Semetey"]
[Result "1-0"]
[WhiteElo "2358"]
[BlackElo "2453"]
[TimeControl "180+2"]
[EndTime "18:38:17 PDT"]
[Termination "Aguiar94 won by checkmate"]

1. e4 c5 2. Nf3 e6 3. d4 cxd4 4.
Nxd4 a6 5. Bd3 Qc7 6. O-O Nf6 7.
Qe2 d6 8. c4 g6 9. Nc3 Bg7 10. f4 Nbd7 11. Be3 O-O 12. Rac1 b6 13. f5 Ne5 14. b3 Bd7 15. Bb1 Rae8 16. h3 Nc6 17.
Qf2 exf5 18. Nd5 Qb7 19. Nxc6 Bxc6 20. exf5 Nxd5 21. cxd5 Bxd5 22. Bxb6 Bxg2 23. Rc7 Qxc7 24. Bxc7 Bxf1 25. Kxf1 Rc8 26. Qb6 Rfe8 27. Bd3 Re7 28. Bxd6 Rd7 29. Bc4 Rcd8 30. Be7 Rd1+ 31. Ke2 R8d2+ 32.
Kf3 Bd4 33. Qd8+ Kg7 34. Qf8# 1-0

[Event "*** Titled Tuesday 3|2 Blitz"]
[Site "Chess.com"]
[Date "2016.06.07"]
[Round "8"]
[White "sandropozo"]
[Black "michaelq2d5"]
[Result "0-1"]
[WhiteElo "2396"]
[BlackElo "2490"]
[TimeControl "180+2"]
[EndTime "18:38:35 PDT"]
[Termination "michaelq2d5 won on time"]

1. d4 Nf6 2. Nf3 e6 3. c4 d5 4.
Nc3 Bb4 5. Bg5 Nbd7 6. cxd5 exd5 7.
Qc2 c5 8. e3 Qa5 9. Bd3 O-O 10.
O-O c4 11. Bf5 g6 12. Bxd7 Nxd7 13. e4 Bxc3 14. bxc3 dxe4 15. Qxe4 Nb6 16. Qh4 Nd5 17. Rfe1 Bf5 18. Bh6 Rfe8 19. Bd2 f6 20. Qg3 Qc7 21. Qh4 b5 22. h3 a5 23. Qh6 b4 24.
Nh4 bxc3 25. Be3 Bd3 26. g4 Qg7 0-1

[Event "*** Titled Tuesday 3|2 Blitz"]
[Site "Chess.com"]
[Date "2016.06.07"]
[Round "8"]
[White "MinhGTrAn"]
[Black "ShimanovAlex"]
[Result "1-0"]
[WhiteElo "2663"]
[BlackElo "2643"]
[TimeControl "180+2"]
[EndTime "18:38:47 PDT"]
[Termination "MinhGTrAn won by resignation"]

1. d4 Nf6 2. c4 g6 3. Nc3 Bg7 4. e4 O-O 5. Bd3 d6 6. Nge2 Nbd7 7. Bc2 c6 8. O-O a6 9. a4 a5 10. f3 e5 11. Be3 Re8 12. Qd2 exd4 13. Bxd4 Ne5 14.
b3 Nfd7 15. Rad1 Bf8 16. f4 Ng4 17. h3 Ngf6 18. Ng3 Bg7 19. Bf2 Bf8 20. Rfe1 Qc7 21.
Bd4 Bg7 22. Bf2 Bf8 23. Nge2 b6 24. Nd4 Bb7 25. Nf3 Rad8 26. Bh4 Be7 27. Qf2 Nc5 28. f5 Nh5 29. g4 Nf6 30. Qg3 Ncd7 31. Qf4 Ne5 32. Rf1 Rf8 33. Bg5 Kh8 34. Qg3 Ng8 35. f6 Nxf6 36. Nxe5 Nxe4 37. Nxe4 Bxg5 38. Nxg5 dxe5 39. Rxd8 1-0

[Event "*** Titled Tuesday 3|2 Blitz"]
[Site "Chess.com"]
[Date "2016.06.07"]
[Round "8"]
[White "WanderingPuppet"]
[Black "bugsbunny444"]
[Result "1/2-1/2"]
[WhiteElo "2285"]
[BlackElo "2357"]
[TimeControl "180+2"]
[EndTime "18:38:54 PDT"]
[Termination "Game drawn by repetition"]

1. e4 e6 2. d4 d5 3. e5 c5 4. c3 Nc6 5. Nf3 Qb6 6. Be2 Nh6 7. Na3 cxd4 8. cxd4 Bb4+ 9. Kf1 Be7 10. g3 Nf5 11.
Nc2 Bd7 12. Kg2 Rc8 13. Rb1 a5 14. b3 Nb4 15. Nxb4 axb4 16. Ra1 Bb5 17. a4 Bxe2 18. Qxe2 Nxd4 19. Nxd4 Qxd4 20. Qb5+ Kd8 21. Be3 Qe4+ 22. Kh3 Qf5+ 23. Kg2 Qe4+ 24. Kh3 Qf5+ 25. Kg2 Qe4+ 26. Kh3 1/2-1/2

[Event "*** Titled Tuesday 3|2 Blitz"]
[Site "Chess.com"]
[Date "2016.06.07"]
[Round "8"]
[White "Newlight1"]
[Black "IIIlllII1llIl"]
[Result "1-0"]
[WhiteElo "2228"]
[BlackElo "2454"]
[TimeControl "180+2"]
[EndTime "18:38:57 PDT"]
[Termination "Newlight1 won by resignation"]

1. e4 e5 2. Nf3 Nc6 3. d4 exd4 4. Bc4 Nf6 5. O-O Nxe4 6. Re1 d5 7. Bxd5 Qxd5 8. Nc3 Qh5 9. Nxe4 Be7 10. Bg5 Be6 11.
Bxe7 Kxe7 12. Neg5 Rhd8 13. Nxe6 fxe6 14. Rxe6+ Kf8 15.
Qd3 Re8 16. Nxd4 Qd5 17. Rxe8+ Rxe8 18. Nxc6 Qxd3 19. cxd3 bxc6 20. Kf1 Re6 21. Rc1 Ke7 22. Re1 Kd6 23. Rxe6+ Kxe6 24. Ke2 Kd5 25. Ke3 c5 26. f4 h5 27. g3 h4 28. g4 g6 29. b3 a5 30. a4 c6 31. h3 Kd6 32. Ke4 Ke6 33.
g5 1-0

[Event "*** Titled Tuesday 3|2 Blitz"]
[Site "Chess.com"]
[Date "2016.06.07"]
[Round "8"]
[White "Fandorine"]
[Black "dretch"]
[Result "1/2-1/2"]
[WhiteElo "2619"]
[BlackElo "2645"]
[TimeControl "180+2"]
[EndTime "18:39:05 PDT"]
[Termination "Game drawn by agreement"]

1. e4 e6 2. d4 d5 3. Nc3 Nf6 4. e5 Nfd7 5. f4 c5 6. Nf3 Nc6 7. Be3 cxd4 8. Nxd4 Bc5 9. Qd2 O-O 10. Bb5 Qc7 11. O-O a6 12. Be2 b5 13. a3 Bb7 14.
Nb3 Bxe3+ 15. Qxe3 b4 16. axb4 Nxb4 17. Bd3 Rfc8 18.
Nd4 Qb6 19. Na4 Qa7 20. Rf2 Nxd3 21. cxd3 Rc7 22. Re1 Rac8 23. h3 Bc6 24. Nc3 Re8 25. Kh2 Qb6 26. Rc2 Bb5 27. Rec1 Rec8 28. Ncxb5 Rxc2 29. Rxc2 Rxc2 30. Nxc2 Qxe3 31. Nxe3 axb5 1/2-1/2

[Event "*** Titled Tuesday 3|2 Blitz"]
[Site "Chess.com"]
[Date "2016.06.07"]
[Round "8"]
[White "Abrito99"]
[Black "hangemhigh"]
[Result "0-1"]
[WhiteElo "2331"]
[BlackElo "2238"]
[TimeControl "180+2"]
[EndTime "18:39:08 PDT"]
[Termination "hangemhigh won by resignation"]

1. e4 e5 2. Nf3 d6 3. Bc4 Be7 4. d3 c6 5. O-O f5 6. exf5 Bxf5 7.
Nc3 Nf6 8. Re1 Nbd7 9. d4 e4 10. Nh4 Bg4 11. f3 exf3 12. gxf3 Bh3 13. Qe2 Nb6 14.
Be6 Bxe6 15. Qxe6 Qd7 16. Nf5 Qxe6 17. Nxg7+ Kd7 18. Nxe6 Rhg8+ 19. Kf2 Nfd5 20. Nxd5 Bh4+ 21. Kf1 Bxe1 22. Nf6+ Kxe6 23. Nxg8 Rxg8 24. Kxe1 Rg2 25.
Kf1 Rxc2 26. Kg1 Nd5 27. b3 Nc3 28. Bh6 Ne2+ 29. Kf2 Nxd4+ 30. Kg1 Nxf3+ 0-1

[Event "*** Titled Tuesday 3|2 Blitz"]
[Site "Chess.com"]
[Date "2016.06.07"]
[Round "8"]
[White "Generalas"]
[Black "Viaje"]
[Result "1-0"]
[WhiteElo "2229"]
[BlackElo "2114"]
[TimeControl "180+2"]
[EndTime "18:39:18 PDT"]
[Termination "Generalas won by checkmate"]

1. e4 c5 2. c3 Nf6 3. e5 Nd5 4. d4 cxd4 5. cxd4 e6 6. Nf3 b6 7. Nc3 Nxc3 8. bxc3 Qc7 9. Bd2 Bb7 10. Bd3 d6 11. O-O Nd7 12. Re1 dxe5 13. Ng5 Be7 14.
Qh5 g6 15. Qh3 Bxg5 16. Bxg5 O-O 17. dxe5 Qxc3 18. Rac1 Qd4 19. Rc7 Rfb8 20. Bb5 Qb4 21. Rd1 Qxb5 22. Rcxd7 Qxe5 23. Rxf7 h5 24. Bf6 Rd8 25.
Rf1 Qe4 26. Rg7+ Kf8 27. Qg3 Rd3 28. Qg5 Rc8 29. Rxg6 Rc5 30. Rg8+ Kf7 31. Qg7# 1-0